AoeStats
← imenek2

Arena

508232901Analyzed
4v4 RM · 12d ago on Sep 21, 2026· 40m 33s· 8 players
Game mode
Random Map
Map size
Large (8 player)
Population
200
Speed
Normal
Resources
Standard
Victory
Conquest
Starting age
Dark Age
Ending age
Imperial Age
RankedLock teamsTeams togetherTeam positionsShared explorationLock speedFull tech treeHidden civsTurbo modeCheats
Victory
Defeat
🇹🇼 Teutons · Taiwan
1671
+5
🇹🇼 Slavs · Taiwan
1564
+8
🇹🇼 Turks · Taiwan
1148
+24
🇦🇿 Khmer · Azerbaijan
1083
+27
🇹🇷 Slavs · Türkiye
1379
-37
🇮🇳 Teutons · India
1374
-16
🇪🇸 Turks · Spain
1356
-16
🇵🇪 Turks · Peru
1344
-15
DK_Grunchito
10:08 Loom
14:35 Feudal Age
18:44 Bloodlines
imenek2
10:27 Feudal Age
14:08 Castle Age
12:11 Double-Bit Axe
13:30 Gold Mining
15:18 Bow Saw
14:49 Horse Collar
20:01 Loom
22:56 Wheelbarrow
Cheetah
8:32 Loom
11:17 Feudal Age
12:38 Double-Bit Axe
15:17 Castle Age
13:48 Horse Collar
16:16 Bow Saw
18:04 Wheelbarrow
18:46 Stone Mining
20:27 Heavy Plow
21:31 Gold Mining
22:57 Hand Cart
24:00 Stone Shaft Mining
29:36 Imperial Age
27:21 Scale Barding Armor
27:26 Forging
27:52 Bloodlines
29:08 Chain Barding Armor
29:27 Iron Casting
28:45 Fletching
30:15 Ballistics
30:14 Cavalier
31:30 Plate Barding Armor
31:58 Blast Furnace
31:21 Conscription
30:56 Pikeman
31:37 Squires
31:43 Scale Mail Armor
31:34 Halberdier
33:37 Two-Man Saw
33:09 Crop Rotation
33:13 Chain Mail Armor
32:55 Bodkin Arrow
34:28 Hoardings
34:42 Plate Mail Armor
35:14 Crenellations
37:53 Chemistry
El Thony
10:36 Feudal Age
11:00 Feudal Age
14:47 Castle Age
12:54 Double-Bit Axe
14:03 Stone Mining
25:29 Imperial Age
24:28 Loom
25:38 Bow Saw
qaz1227
7:54 Loom
10:22 Feudal Age
15:53 Castle Age
14:47 Double-Bit Axe
14:45 Horse Collar
21:21 Bow Saw
21:56 Heavy Plow
25:56 Gold Mining
30:14 Imperial Age
29:04 Wheelbarrow
28:42 Fletching
29:32 Bodkin Arrow
31:32 Hand Cart
32:42 Sipahi
32:44 Conscription
33:49 Gold Shaft Mining
33:45 Parthian Tactics
34:36 Two-Man Saw
33:14 Heavy Cavalry Archer
34:13 Padded Archer Armor
35:47 Leather Archer Armor
37:57 Ballistics
37:34 Murder Holes
38:58 Caravan
I have Gun
11:06 Feudal Age
13:49 Castle Age
12:20 Horse Collar
12:26 Double-Bit Axe
15:22 Bow Saw
15:20 Heavy Plow
25:41 Wheelbarrow
24:51 Loom
24:52 Town Watch
26:15 Scale Barding Armor
26:20 Forging
26:16 Gold Mining
26:16 Stone Mining
29:21 Imperial Age
28:06 Bloodlines
27:57 Husbandry
27:22 Light Cavalry
28:37 Chain Barding Armor
28:52 Iron Casting
29:04 Iron Casting
29:30 Gold Shaft Mining
29:30 Stone Shaft Mining
29:28 Tusk Swords
29:28 Elite Battle Elephant
32:21 Caravan
35:48 Crop Rotation
35:40 Hand Cart
39:15 Siege Engineers
Ma
11:02 Feudal Age
14:38 Castle Age
12:52 Horse Collar
13:25 Double-Bit Axe
13:40 Loom
28:03 Wheelbarrow
27:59 Town Watch
29:24 Hand Cart
32:24 Imperial Age
30:28 Hand Cart
29:54 Pikeman
30:35 Squires
30:29 Gold Mining
30:30 Stone Mining
31:17 Scale Mail Armor
31:27 Forging
32:27 Chain Mail Armor
32:41 Heavy Plow
32:53 Bow Saw
32:32 Halberdier
33:49 Iron Casting
34:27 Coinage
34:44 Town Patrol
35:18 Plate Mail Armor
35:32 Conscription
34:33 Elite Boyar
34:53 Capped Ram
36:11 Crop Rotation
36:55 Blast Furnace
36:17 Detinets
36:11 Siege Ram
38:02 Gold Shaft Mining
39:31 Hoardings
39:50 Masonry
40:38 Husbandry
40:49 Bloodlines
40:46 Scale Barding Armor
SSS66618
5:53 Loom
8:31 Feudal Age
9:01 Double-Bit Axe
12:20 Fletching
16:20 Town Watch
21:53 Castle Age
21:18 Horse Collar
22:37 Bodkin Arrow
22:53 Bow Saw
25:38 Heavy Plow
26:15 Wheelbarrow
35:00 Imperial Age
33:09 Gold Mining
33:11 Stone Mining
35:19 Hand Cart
35:17 Caravan
36:27 Ironclad
36:06 Capped Ram
38:04 Siege Engineers
38:30 Conscription
38:37 Scale Mail Armor
38:47 Forging
39:34 Chain Mail Armor
39:23 Elite Teutonic Knight
41:21 Iron Casting
41:27 Stone Shaft Mining
Connection lost

Rejoining the realm…

Still unreachable

The connection could not be restored.

Session expired

The server has moved on; the page needs a fresh start.